 Dungeon Crawl Stone Soup version 0.24.0-37-gcf1ca852f1 (webtiles) character file.

Game seed: 4875955973506703994, levelgen mode: deterministic

1661457 happy the Acrobat (level 25, 221/221 HPs)
             Began as a Vampire Gladiator on Dec 8, 2019.
             Was an Elder of Trog.
             Escaped with the Orb
             ... and 3 runes!
             The game lasted 03:20:51 (66020 turns).

happy the Acrobat (Vampire Gladiator)              Turns: 66020, Time: 03:20:52

Health: 221/221    AC: 44    Str: 26    XL:     25   Next: 0%
Magic:  7/7        EV: 31    Int: 17    God:    Trog [****..]
Gold:   3441       SH: 21    Dex: 32    Spells: 24/24 levels left

rFire    + . .     SeeInvis +   b - +8 demon blade (antimagic)
rCold    + . .     Gourm    .   M - +5 shield {reflect}
rNeg     . . .     Faith    .   K - +15 Maxwell's patent armour {-Cast -Tele rElec MR+ rCorr}
rPois    +         Spirit   .   w - +2 helmet "Sity" {+Fly Int+6 Dex+4}
rElec    +         Reflect  +   E - +2 cloak {rPois}
rCorr    +         Harm     .   o - +2 pair of gloves {Str+3}
MR       +++..     NoTele   +   Y - +2 pair of boots Stlth ..........NoCast +
                                Q - amulet of the acrobat
HPRegen  0.66/turn              i - ring of protection from fire
MPRegen  0.10/turn              U - ring of Ascent {*Contam rC+ Str+4 Dex+5}

@: regenerating quickly
A: no food, fangs 3, see invisible, strong 1, unbreathing
0: Orb of Zot
}: 3/15 runes: barnacled, abyssal, gossamer
a: Exsanguinate, Berserk, Trog's Hand, Brothers in Arms, Renounce Religion,
Evoke Flight


You escaped.
You worshipped Trog.
Trog was greatly pleased with you.
You were alive.

You visited 9 branches of the dungeon, and saw 45 of its levels.
You visited the Abyss 1 time.
You also visited: Ossuary and Bailey.

You collected 5361 gold pieces.
You spent 1920 gold pieces at shops.

Inventory:

Hand Weapons
 a - the +9 double sword of Forgiveness {slice, rN+++ Dex+4 Stlth-}
   (Trog gifted it to you on level 2 of the Orcish Mines)

   It inflicts extra damage upon your enemies.
   It affects your dexterity (+4).
   It renders you almost immune to negative energy.
   It makes you less stealthy.
 b - a +8 antimagic demon blade (weapon)
   (Trog gifted it to you on level 1 of the Elven Halls)
Missiles
 B - 28 throwing nets (quivered) {!f}
Armour
 c - a scarf of resistance
   (You found it on level 1 of the Realm of Zot)
 o - a +2 pair of gloves of strength (worn)
   (You acquired it on level 4 of the Depths)
 q - the +8 plate armour of Hysteria {rElec rCorr Int+2 Dex+3}
   (You found it on level 4 of the Lair of Beasts)

   It affects your intelligence (+2).
   It affects your dexterity (+3).
   It insulates you from electricity.
   It provides partial protection from all sources of acid and corrosion.
 w - the +2 helmet "Sity" (worn) {+Fly Int+6 Dex+4}
   (You acquired it on level 5 of the Depths)

   It affects your intelligence (+6).
   It affects your dexterity (+4).
   It lets you fly.
 E - a +2 cloak of poison resistance (worn)
   (You took it off a draconian knight on level 2 of the Realm of Zot)
 K - the +15 Maxwell's patent armour (worn) {-Cast -Tele rElec MR+ rCorr}
   (You acquired it on level 2 of the Realm of Zot)

   It insulates you from electricity.
   It affects your resistance to hostile enchantments.
   It prevents spellcasting.
   It prevents most forms of teleportation.
   It provides partial protection from all sources of acid and corrosion.
 M - a +5 shield of reflection (worn)
   (You took it off Donald on level 1 of the Shoals)
 Y - a +2 pair of boots (worn)
   (You found it on level 3 of the Dungeon)
Jewellery
 i - a ring of protection from fire (left hand)
   (You took it off a deep elf annihilator on level 3 of the Elven Halls)
 H - an uncursed ring of fire
   (You found it on level 2 of the Lair of Beasts)
 L - an uncursed ring of ice
   (You found it on level 1 of the Depths)
 Q - an amulet of the acrobat (around neck)
   (You found it on level 7 of the Dungeon)
 U - the ring of Ascent (right hand) {*Contam rC+ Str+4 Dex+5}
   (You bought it in a shop on level 2 of the Depths)

   [ring of protection from cold]

   It affects your strength (+4).
   It affects your dexterity (+5).
   It protects you from cold.
   It causes magical contamination when unequipped.
Wands
 d - a wand of iceblast (18)
   (You found it on level 11 of the Dungeon)
 r - a wand of clouds (11)
   (You found it on level 6 of the Lair of Beasts)
 u - a wand of paralysis (4)
   (You found it on level 10 of the Dungeon)
 v - a wand of digging (4)
   (You found it on level 5 of the Depths)
 x - a wand of acid (13)
   (You found it on level 2 of the Depths)
Scrolls
 n - 12 scrolls of fog
 s - 2 scrolls of vulnerability {!r}
 t - a scroll of silence
 y - 3 scrolls of fear
 F - a scroll of enchant armour
 G - 8 scrolls of immolation {!r}
 I - 2 scrolls of summoning
 J - 2 scrolls of blinking
 O - a scroll of magic mapping
 P - 19 scrolls of remove curse {@r2}
 R - 25 scrolls of teleportation {@r4}
 V - 15 scrolls of identify {@r1}
 W - 4 scrolls of holy word {!r}
 Z - 2 scrolls of torment {!r}
Potions
 e - 2 potions of magic
 f - 9 potions of ambrosia
 g - 6 potions of lignification {!q}
 h - 4 potions of berserk rage
 j - 9 potions of brilliance
 k - 5 potions of flight
 m - 4 potions of resistance
 p - 4 potions of haste {@q3}
 C - 6 potions of might
 N - 11 potions of curing {@q1}
 S - a potion of mutation {!q}
 T - 5 potions of agility
Miscellaneous
 l - a phantom mirror
 z - a lamp of fire
   (You found it on level 9 of the Dungeon)
 A - a box of beasts


   Skills:
 + Level 23.0 Fighting
   Level 13.5(16.2) Short Blades
 - Level 14.3(16.0) Long Blades
 - Level 1.5 Throwing
 - Level 12.1 Armour
 + Level 25.2 Dodging
 - Level 4.4 Stealth
 - Level 15.0 Shields


You had 24 spell levels left.
You didn't know any spells.
Your spell library contained the following spells:

 Spells                   Type           Power        Failure   Level  Hunger
 Confusing Touch          Hex            #.....       88%         1    N/A
 Passwall                 Tmut/Erth      #.......     96%         2    N/A
 Confuse                  Hex            #.......     99%         3    N/A
 Gell's Gravitas          Tloc           #.........   99%         3    N/A
 Stone Arrow              Conj/Erth      #.....       99%         3    N/A
 Leda's Liquefaction      Hex/Erth       #.........   100%        4    N/A
 Petrify                  Tmut/Erth      #.......     100%        4    N/A
 Metabolic Englaciation   Hex/Ice        #.........   100%        5    N/A
 Yara's Violent Unravell  Hex/Tmut       #.........   100%        5    N/A
 Statue Form              Tmut/Erth      #........    100%        6    N/A

Dungeon Overview and Level Annotations

Branches:
Dungeon (15/15)            Temple (1/1) D:6            Lair (6/6) D:10
 Shoals (4/4) Lair:4       Spider (4/4) Lair:4        Slime (0/5) Lair:6
    Orc (2/2) D:12            Elf (3/3) Orc:2        Vaults (0/5) D:14
 Depths (5/5) D:15            Zot (5/5) Depths:5    Ossuary (visited)
 Bailey (visited)

Altars:
Ashenzari
Cheibriados
Dithmenos
Elyvilon
Fedhas
Gozag
Hepliaklqana
Kikubaaqudgha
Makhleb
Nemelex Xobeh
Okawaru
Qazlal
Ru
Sif Muna
Trog
Uskayaw
Vehumet
Wu Jian
Xom
Yredelemnul
Zin
The Shining One
Beogh
Lugonu

Shops:
D:4 (   D:5 *   D:7 *   D:10 }   D:11 *   Orc:2 }?(%   Elf:1 *   Elf:3 [!
Zot:3 *   Depths:2 (=::

Portals:
Hell: Depths:1 Depths:2 Depths:3 Depths:4 Depths:5
Abyss: Depths:2 Depths:4
Pandemonium: Depths:1 Depths:3 Depths:5
Ziggurat: Depths:3

Annotations:
D:11 4 runed translucent doors
Lair:5 3 runed translucent doors, exclusion: 4 oklob plants, Luam's ghost, journeyman OpFi; Panli's ghost, journeyman CeAM
Shoals:1 2 transporters, Cotuik's ghost, adept FoFi
Shoals:3 3 runed translucent doors, Liimbo's ghost, adept FoWn
Shoals:4 1 runed translucent door, dragonscale333's ghost, adept DrFE
Depths:3 exclusions: downstairs, wizard and 3 more exclusions
Zot:1 2 transporters, Ezaw's ghost, veteran CeHu
Zot:3 3 runed translucent doors, exclusion: obsidian statue, havocjr3's ghost, legendary GnFi


Innate Abilities, Weirdness & Mutations

You do not eat.
Your natural rate of healing is unusually fast.
You have razor-sharp teeth.
You have supernaturally acute eyesight. (SInv)
You can survive without breathing.
Your muscles are strong. (Str +2)


Message History

You kill the sun demon!
Trog accepts your kill.
You can now call in reinforcements.
The sun demon misses you.
You riposte.
You closely miss the sun demon.
You feel sick.
The lich gestures wildly while chanting.
You slice the lich like a ripe choko!!!
The lich's magic leaks into the air.
You feel sick. You block the sun demon's attack.
The lich falters for a moment.
You slice the lich!!
You destroy the lich!
Trog accepts your kill.
Trog appreciates your killing of a magic user.
The Brimstone Fiend disappears in a puff of smoke!
Your Fighting skill increases to level 23!
You have reached level 25!
You feel agile. The sun demon barely misses you.
You slash the sun demon! You bite the sun demon! You barely miss the sun demon.
You feel sick. You block the sun demon's attack.
You slice the sun demon like a ripe choko!!!
You kill the sun demon!
Trog accepts your kill.
You feel sick.
You feel sick.
You feel sick.
You feel better.
You feel the effects of Trog's Hand fading.
Your skin stops crawling.
You feel less resistant to hostile enchantments.
There is a stone staircase leading up here.
You climb upwards.
There is a stone staircase leading down here.
(D) Dungeon (T) Temple (L) Lair (A) Shoals (N) Spider Nest (M) Slime Pits (O) Orcish Mines (E) Elven Halls (V) Vaults (U) Depths (H) Hell (Z) Zot
Where to? (Enter - D:1 @ (x,y), ? - help) HP restored.
There is an open door here.
You feel a little less agile now.
(D) Dungeon (T) Temple (L) Lair (A) Shoals (N) Spider Nest (M) Slime Pits (O) Orcish Mines (E) Elven Halls (V) Vaults (U) Depths (H) Hell (Z) Zot
Where to? (Enter - D:1 @ (x,y), ? - help)
You feel a little less mighty now.
(D) Dungeon (T) Temple (L) Lair (A) Shoals (N) Spider Nest (M) Slime Pits (O) Orcish Mines (E) Elven Halls (V) Vaults (U) Depths (H) Hell (Z) Zot
Where to? (Enter - D:1 @ (x,y), ? - help)
You see here a robe.
There is a staircase leading out of the dungeon here.
You have escaped!

.#.........###.......#.....#....(
.#.........# #####.#.#.###.#.....
.#.........# #.....#.#.#.#.#.....
.#####...### #.#####.#.#.#.#.....
..# #...# #.#...#.#.#...#.#.#.
..####...# #.#.#.#.#.#####.#.#.
.....#...# #.#.#.#.......#.#.#.
.....#...# #.#.#.#.#######...)#
.....#...# #.#@#.#.............
.....#...# #.#.#.#.#######....#
.....#...# #.#.#.#.......#.....
.........# #...#.#.#####.#....#
.........# #####.#.#...#.#.....
###......# #.....#.#.#.#.#....#
#......# #.#####.#.###.#.....
#......# #.......#.....#.....
#...#### #######.#######.###.


There were no monsters in sight!

Vanquished Creatures
  A pandemonium lord (D:2)
  2 ancient liches (Zot:5)
  3 orbs of fire
  A juggernaut (Depths:3)
  3 curse toes
  7 golden dragons
  A bone dragon (Depths:5)
  2 electric golems
  A Hell Sentinel (Depths:1)
  16 tentacled monstrosities
  5 liches
  20 Orb Guardians (Zot:5)
  Asterion (Spider:3)
  A deep elf master archer (Elf:3)
  A deep elf blademaster (Elf:3)
  6 death cobs
  5 quicksilver dragons
  2 sphinxes
  Gastronok (Lair:3)
  Frances (D:14)
  Roxanne (Spider:1)
  2 krakens
  Kirke (D:15)
  4 shadow dragons
  9 storm dragons
  4 tengu reavers
  The ghost of Meiz Wish the Executioner, a journeyman MiBe of Trog (Spider:4)
  5 frost giants
  5 fire giants
  8 draconian monks
  Donald (Shoals:1)
  5 deep elf sorcerers
  8 draconian knights
  Aizul (Spider:1)
  Louise (Depths:4)
  4 draconian scorchers
  7 ghost moths
  An emperor scorpion (Spider:4)
  4 draconian annihilators
  2 draconian stormcallers
  15 very ugly things
  5 draconian shifters
  11 stone giants
  2 deep elf elementalists (Elf:3)
  A reaper (Depths:3)
  2 spriggan defenders (Depths:3)
  An entropy weaver (Spider:2)
  9 black draconians
  8 green draconians
  Nessos (D:15)
  3 vampire knights
  2 lorocyprocas
  2 deep elf demonologists
  12 purple draconians
  8 deep elf annihilators (Elf:3)
  7 red draconians
  Azrael (D:15)
  9 spark wasps
  9 yellow draconians
  15 white draconians
  10 ettins
  4 deep elf death magi
  8 merfolk javelineers
  A green death (Depths:5)
  11 fire dragons
  3 deep elf high priests
  Snorg (D:12)
  3 great orbs of eyes
  6 merfolk impalers
  Josephine (Orc:2)
  5 yaktaur captains
  Erolcha (D:12)
  6 ice dragons
  9 hydras
  3 rakshasas
  A quicksilver dragon skeleton (Abyss:3)
  A spriggan air mage (Depths:4)
  A catoblepas (Lair:6)
  A hell beast (Depths:2)
  2 merfolk aquamancers (Shoals:4)
  A merfolk avatar (Shoals:2)
  Harold (D:8)
  10 centaur warriors
  A death knight (D:15)
  4 vault guards (D:14)
  29 dancing weapons
  Erica (D:8)
  8 two-headed ogres
  A queen ant (Lair:3)
  3 deep troll shamans
  7 tengu warriors
  2 satyrs
  3 alligator snapping turtles (Shoals:4)
  A vampire mage (Depths:2)
  An ogre mage (Depths:1)
  5 spriggan berserkers
  Urug (Lair:2)
  3 deep troll earth magi
  4 orc high priests
  7 hell knights
  3 sun demons
  A soul eater (Depths:3)
  Sonja (D:12)
  A shadow wraith (Abyss:3)
  18 deep elf knights
  A wretched star (Abyss:3)
  An iron troll (Depths:2)
  5 sea snakes
  2 sixfirhies
  3 large abominations
  13 deep trolls
  A gelid demonspawn (Depths:1)
  5 flayed ghosts
  A deep troll (shapeshifter) (Depths:1)
  2 infernal demonspawn (Depths:1)
  2 unseen horrors
  2 lindwurms
  11 deep elf archers
  4 orc knights
  2 torturous demonspawn
  11 harpies
  3 glowing orange brains
  3 wizards
  A harpy (shapeshifter) (Depths:3)
  5 necromancers
  An orange crystal statue (D:12)
  19 wolf spiders
  19 ugly things
  A cyclops (shapeshifter) (Depths:5)
  57 deep elf magi
  11 fauns
  7 orb spiders
  2 salamanders (Depths:3)
  13 manticores
  2 worldbinders (Abyss:3)
  24 moths of wrath
  4 orc sorcerers
  11 cyclopes
  8 merfolk sirens
  18 elephants
  2 rust devils
  A centaur zombie (D:14)
  7 black mambas
  2 gargoyles (D:14)
  Maurice (D:11)
  A torpor snail (Lair:2)
  2 molten gargoyles (Lair:6)
  Joseph (D:8)
  6 water nymphs
  11 spiny frogs
  A smoke demon (Depths:5)
  Psyche (D:10)
  A kobold demonologist (D:11)
  A komodo dragon (shapeshifter) (Depths:2)
  3 rime drakes
  2 hellions
  2 small abominations
  6 komodo dragons
  13 demonic crawlers
  16 yaktaurs
  An ice devil (Depths:3)
  2 tormentors
  A silent spectre (Abyss:3)
  4 tengu conjurers
  A jumping spider (shapeshifter) (Depths:1)
  An ancient zyme (Abyss:3)
  15 jumping spiders
  6 slime creatures
  A polar bear (Lair:5)
  27 merfolk
  A wind drake (shapeshifter) (Depths:1)
  7 trolls
  21 hornets
  9 blink frogs
  8 wind drakes
  13 dream sheep
  12 hippogriffs
  3 raiju (Abyss:3)
  9 snapping turtles
  An air elemental (Elf:1)
  A dream sheep (shapeshifter) (D:15)
  12 water elementals
  8 spriggans
  Sigmund (D:6)
  4 wyverns
  Grum (D:9)
  84 redbacks
  39 yaks
  A tarantella (shapeshifter) (Depths:1)
  5 wraiths (Orc:2)
  37 tarantellas
  4 fire elementals
  A neqoxec (Depths:3)
  7 basilisks
  A human (shapeshifter) (Depths:4)
  3 steam dragons
  5 hungry ghosts
  2 vampire mosquitoes (D:14)
  2 wargs (D:12)
  6 hell hounds
  11 water moccasins
  7 hydra simulacra (Depths:3)
  2 floating eyes
  10 soldier ants
  6 ice beasts
  9 porcupines
  A sky beast (D:15)
  31 orc warriors
  A necrophage (D:7)
  A phantom (D:12)
  A tengu (shapeshifter) (Depths:1)
  26 wolves
  16 ogres
  5 boggarts (Depths:4)
  26 centaurs
  7 crocodiles
  3 big kobolds
  36 bullfrogs
  2 earth elementals (Elf:3)
  6 gnoll sergeants
  4 scorpions
  19 killer bees
  4 wights
  9 howler monkeys
  11 electric eels
  5 lava snakes (Lair:6)
  8 crimson imps
  2 bullfrog zombies (D:12)
  A quasit (D:15)
  2 bullfrog skeletons
  A human zombie (D:5)
  18 jellies
  5 centaur skeletons
  5 gnoll shamans
  31 orc priests
  11 hounds
  3 iguanas
  22 orc wizards
  5 hell rats (Lair:3)
  39 worker ants
  7 big kobold zombies (Ossuary)
  2 hound skeletons
  A mummy (Ossuary)
  A worker ant zombie (D:11)
  70 gnolls
  A howler monkey skeleton (D:11)
  17 adders
  12 shadow imps
  An ooze (Lair:6)
  An adder skeleton (D:6)
  4 worms
  2 dart slugs
  11 leopard geckos
  102 orcs
  3 spectral bats (Ossuary)
  4 bat simulacra (Ossuary)
  6 giant cockroaches
  5 gnoll zombies (Ossuary)
  10 goblins
  7 hobgoblins
  32 jackals
  6 quokkas
  10 bats
  6 frilled lizards
  A giant cockroach zombie (D:6)
  A goblin simulacrum (Ossuary)
  5 goblin zombies
  3 hobgoblin zombies (Ossuary)
  25 kobolds
  5 kobold simulacra (Ossuary)
  6 kobold zombies (Ossuary)
  5 orc zombies (Ossuary)
  5 rats
  6 rat simulacra (Ossuary)
  A rat zombie (D:5)
  6 spectral goblins (Ossuary)
  2 spectral kobolds (Ossuary)
  A spectral rat (Ossuary)
1999 creatures vanquished.

Vanquished Creatures (collateral kills)
  An ancient lich (Zot:5)
  A titan (Zot:5)
  A storm dragon (Zot:5)
  5 deep elf sorcerers (Elf:3)
  3 emperor scorpions
  A deep elf annihilator (Elf:3)
  A deep elf death mage (Elf:3)
  A dancing weapon (Elf:3)
  2 wolf spiders (Spider:4)
  2 orb spiders
  A moth of wrath (Zot:5)
  A demonic crawler (Spider:1)
  3 jumping spiders (Spider:4)
  A tarantella (Spider:4)
  2 redbacks (Spider:4)
26 creatures vanquished.

Vanquished Creatures (others)
  A deep elf master archer (Elf:3)
  A fire giant (Depths:3)
  An ice dragon (Depths:2)
  A satyr (Shoals:3)
  A hell hog (D:10)
  A deep elf knight (Elf:2)
  A deep elf archer (Elf:1)
  A deep elf mage (Elf:1)
  A cyclops (Shoals:1)
  4 yaktaurs
  A slime creature (D:15)
  A water elemental (Depths:3)
  2 humans (D:15)
  A swamp drake (Depths:4)
  A bullfrog (D:6)
  An orc wizard (Orc:2)
  A bush (Lair:6)
  8 fungi
  12 plants
  22 tentacles
63 creatures vanquished.

Grand Total: 2088 creatures vanquished

Notes
Turn   | Place    | Note
-------+----------+-------------------------------------------
     0 | D:1      | happy the Vampire Gladiator began the quest for the Orb.
     0 | D:1      | Reached XP level 1. HP: 16/16 MP: 1/1
   162 | D:1      | Reached skill level 1 in Stealth
   309 | D:1      | Reached XP level 2. HP: 22/22 MP: 2/2
  1054 | D:2      | Reached XP level 3. HP: 19/21 MP: 3/3
  1083 | D:2      | Found an ancient bone altar of Kikubaaqudgha.
  1598 | D:2      | Reached XP level 4. HP: 26/26 MP: 4/4
  2350 | D:3      | Reached skill level 4 in Dodging
  2871 | D:4      | You fall into a shaft and drop 2 floors!
  2871 | D:6      | Found a shimmering altar of Xom.
  2871 | D:6      | Found a glowing silver altar of Zin.
  2872 | D:6      | Noticed an angel
  2872 | D:6      | Noticed a bullfrog
  2875 | D:6      | Killed a bullfrog
  2881 | D:6      | Reached skill level 5 in Short Blades
  2881 | D:6      | Reached XP level 5. HP: 29/30 MP: 5/5
  2894 | D:6      | Reached skill level 1 in Armour
  2992 | D:6      | Found a staircase to the Ecumenical Temple.
  2997 | D:6      | Noticed an orc warrior
  3027 | D:6      | Noticed an ogre
  3027 | D:6      | Noticed a centaur
  3028 | D:6      | Noticed an ogre
  3049 | Temple   | Entered the Ecumenical Temple
  3276 | Temple   | Became a worshipper of Trog the Wrathful
  3308 | D:5      | Entered Level 5 of the Dungeon
  3404 | D:5      | Found a sand-covered staircase.
  3413 | Ossuary  | Entered an ossuary
  3732 | Ossuary  | Reached XP level 6. HP: 35/35 MP: 6/6
  3786 | Ossuary  | Reached * piety under Trog
  4546 | D:5      | Found a shadowy altar of Dithmenos.
  4552 | D:5      | Reached ** piety under Trog
  4734 | D:4      | Found a burning altar of Makhleb.
  4740 | D:4      | Reached XP level 7. HP: 24/45 MP: 7/7
  4843 | D:4      | Found Kema's Weapon Boutique.
  5139 | D:4      | Found a glowing golden altar of the Shining One.
  5562 | D:4      | Reached *** piety under Trog
  5682 | D:4      | Reached XP level 8. HP: 51/58 MP: 8/8
  6552 | D:5      | Found Gyonodih's Assorted Antiques.
  6587 | D:5      | Reached **** piety under Trog
  7108 | D:6      | Noticed Sigmund
  7295 | D:6      | Killed Sigmund
  7295 | D:6      | Reached skill level 5 in Dodging
  7456 | D:6      | Reached XP level 9. HP: 55/67 MP: 9/9
  7498 | D:6      | Reached skill level 5 in Fighting
  7498 | D:6      | Reached skill level 10 in Short Blades
  8375 | D:7      | Reached skill level 1 in Shields
  8463 | D:7      | Found Omaigargh's Assorted Antiques.
  9003 | D:7      | Reached XP level 10. HP: 74/74 MP: 10/10
  9022 | D:7      | Reached ***** piety under Trog
  9143 | D:7      | Found a shimmering blue altar of Sif Muna.
  9158 | D:7      | Found a white marble altar of Elyvilon.
  9182 | D:7      | Found a shadowy altar of Dithmenos.
  9387 | D:8      | Noticed Joseph
  9407 | D:8      | Killed Joseph
  9737 | D:8      | Noticed Harold
  9742 | D:8      | Noticed Erica
  9746 | D:8      | Killed Harold
  9755 | D:8      | Killed Erica
  9914 | D:8      | Reached skill level 1 in Long Blades
 10503 | D:9      | Reached skill level 5 in Long Blades
 10579 | D:9      | Reached XP level 11. HP: 61/80 MP: 11/11
 11048 | D:9      | Noticed Grum
 11090 | D:9      | Killed Grum
 11521 | D:9      | Found a hazy altar of Hepliaklqana.
 11521 | D:9      | Found an iron altar of Okawaru.
 11526 | D:9      | Found a basalt altar of Yredelemnul.
 11528 | D:9      | Found a sparkling altar of Nemelex Xobeh.
 11529 | D:9      | Found a hide-covered altar of Uskayaw.
 11733 | D:10     | Entered Level 10 of the Dungeon
 11762 | D:10     | Noticed Psyche
 11773 | D:10     | Killed Psyche
 12015 | D:10     | Received a gift from Trog
 12169 | D:10     | Found a staircase to the Lair.
 12207 | D:10     | Reached ****** piety under Trog
 12344 | D:10     | Found Kuelyss's Gadget Shop.
 13179 | D:11     | Found Xiuhypn's General Store.
 13182 | D:11     | Bought a potion of haste for 140 gold pieces
 13183 | D:11     | Noticed Maurice
 13190 | D:11     | Killed Maurice
 13288 | D:11     | Paralysed by a hornet for 1 turns
 13429 | D:11     | Noticed a two-headed ogre
 13438 | D:11     | Killed a two-headed ogre
 13438 | D:11     | Reached skill level 10 in Long Blades
 14085 | D:11     | Found a large runed translucent door.
 14086 | D:11     | Found a large runed translucent door.
 14089 | D:11     | Noticed an orc knight
 14117 | D:11     | Noticed a soul eater
 14120 | D:11     | Received a gift from Trog
 14120 | D:11     | Reached XP level 12. HP: 86/86 MP: 12/12
 14276 | D:11     | Found a large runed translucent door.
 14276 | D:11     | Found a large runed translucent door.
 14308 | D:11     | Noticed an eight-headed hydra
 14318 | D:11     | Killed a four-headed hydra
 14452 | D:11     | Got a jewelled helmet
 14463 | D:11     | Identified the +1 helmet of Lucidity {Str+2} (You found it
                  | on level 11 of the Dungeon)
 14542 | D:12     | Noticed Sonja
 14780 | D:12     | Reached skill level 6 in Dodging
 14782 | D:12     | Noticed Snorg
 14789 | D:12     | Killed Snorg
 14940 | D:12     | Found a staircase to the Orcish Mines.
 14953 | D:12     | Noticed Erolcha
 14965 | D:12     | Received a gift from Trog
 14973 | D:12     | Killed Erolcha
 14973 | D:12     | Reached skill level 7 in Dodging
 15012 | D:12     | Killed Sonja
 15056 | D:12     | Reached skill level 8 in Dodging
 15469 | D:12     | Found a corrupted altar of Lugonu.
 16106 | Lair:1   | Entered Level 1 of the Lair of Beasts
 16229 | Lair:1   | Reached skill level 9 in Dodging
 16249 | Lair:1   | Noticed an eight-headed hydra
 16257 | Lair:1   | Killed a five-headed hydra
 17081 | Lair:2   | Noticed a five-headed hydra
 17106 | Lair:2   | Killed a three-headed hydra
 17106 | Lair:2   | Reached XP level 13. HP: 99/99 MP: 13/13
 17301 | Lair:2   | Reached skill level 10 in Dodging
 18146 | Lair:2   | Noticed Urug
 18157 | Lair:2   | Killed Urug
 18494 | Lair:2   | Reached skill level 11 in Dodging
 18503 | Lair:2   | Received a gift from Trog
 18513 | Lair:2   | Got a bloodstained quick blade {god gift}
 18520 | Lair:2   | Identified the +8 quick blade "Nerogg" {venom, SInv} (Trog
                  | gifted it to you on level 2 of the Lair of Beasts)
 18889 | Lair:3   | Reached skill level 10 in Fighting
 19183 | Lair:3   | Noticed Gastronok
 19201 | Lair:3   | Killed Gastronok
 19350 | Lair:3   | Reached skill level 12 in Dodging
 19357 | Lair:3   | HP: 4/104 [elephant (3)]
 19608 | Lair:3   | Received a gift from Trog
 20000 | Lair:4   | Found a hole to the Spider Nest.
 20104 | Lair:4   | Got a black opal-encrusted plate armour
 20261 | Lair:4   | Found a staircase to the Shoals.
 20318 | Lair:4   | Identified the +8 plate armour of Hysteria {rElec rCorr
                  | Int+2 Dex+3} (You found it on level 4 of the Lair of
                  | Beasts)
 20570 | Lair:4   | Reached XP level 14. HP: 113/113 MP: 14/14
 20864 | Lair:5   | Found a runed translucent gate.
 21056 | Lair:5   | Found a runed translucent gate.
 21057 | Lair:5   | Found a runed translucent gate.
 21059 | Lair:5   | Noticed Panli's ghost (journeyman CeAM)
 21060 | Lair:5   | Noticed Luam's ghost (journeyman OpFi)
 21593 | Lair:6   | Entered Level 6 of the Lair of Beasts
 21828 | Lair:6   | Reached skill level 13 in Dodging
 21963 | Lair:6   | Received a gift from Trog
 22330 | Lair:6   | Got a pitted ring mail
 22331 | Lair:6   | Identified the +1 ring mail "Locet" {Dex+2} (You found it
                  | on level 6 of the Lair of Beasts)
 22487 | Lair:6   | Found a staircase to the Slime Pits.
 23194 | Lair:6   | Reached skill level 14 in Dodging
 23222 | Lair:6   | Found a large runed translucent door.
 23223 | Lair:6   | Found a large runed translucent door.
 23679 | Lair:6   | Got a shimmering broad axe
 23784 | Lair:6   | Identified the +5 broad axe of the Mushroom {protect,
                  | Fragile +Inv rN+ Int+2} (You found it on level 6 of the
                  | Lair of Beasts)
 24063 | Orc:1    | Entered Level 1 of the Orcish Mines
 24176 | Orc:2    | Entered Level 2 of the Orcish Mines
 24272 | Orc:2    | Found a staircase to the Elven Halls.
 24770 | Orc:2    | Noticed Josephine
 24784 | Orc:2    | Received a gift from Trog
 24787 | Orc:2    | Got a translucent double sword {god gift}
 24788 | Orc:2    | Identified the +9 double sword of Forgiveness {slice, rN+++
                  | Dex+4 Stlth-} (Trog gifted it to you on level 2 of the
                  | Orcish Mines)
 24827 | Orc:2    | Killed Josephine
 24973 | Orc:2    | Found Ziqu Huo's Weapon Shop.
 24973 | Orc:2    | Found Baujibb's Gadget Boutique.
 24974 | Orc:2    | Found Olaheam's Magic Scroll Boutique.
 24977 | Orc:2    | Found Wonuevvos's Food Shop.
 25430 | Orc:2    | Found a roughly hewn altar of Beogh.
 25854 | Orc:1    | Received a gift from Trog
 26010 | Orc:1    | Reached XP level 15. HP: 122/122 MP: 15/15
 26271 | Orc:2    | Bought a scroll of teleportation for 48 gold pieces
 26271 | Orc:2    | Bought a scroll of identify for 32 gold pieces
 26271 | Orc:2    | Bought a scroll of teleportation for 48 gold pieces
 26271 | Orc:2    | Bought a scroll of summoning for 152 gold pieces
 26271 | Orc:2    | Bought a scroll of teleportation for 48 gold pieces
 26271 | Orc:2    | Bought a scroll of teleportation for 48 gold pieces
 26271 | Orc:2    | Bought a scroll of enchant weapon for 120 gold pieces
 26271 | Orc:2    | Bought a scroll of identify for 32 gold pieces
 26272 | Orc:2    | Bought a wand of iceblast (7) for 143 gold pieces
 26718 | D:13     | Got a jewelled ring mail
 26719 | D:13     | Identified the +1 ring mail of Context {Str+2 Int-5 Dex+8}
                  | (You found it on level 13 of the Dungeon)
 27025 | D:14     | Noticed Frances
 27039 | D:14     | Killed Frances
 27069 | D:14     | Found a flagged portal.
 27086 | Bailey   | Entered a bailey
 27656 | D:14     | Received a gift from Trog
 27717 | D:14     | Reached skill level 15 in Dodging
 27810 | D:14     | Found a gate to the Vaults.
 28220 | D:14     | Reached skill level 5 in Armour
 28220 | D:14     | Reached XP level 16. HP: 131/131 MP: 16/16
 28330 | D:15     | Entered Level 15 of the Dungeon
 28330 | D:15     | Noticed Nessos
 28335 | D:15     | Killed Nessos
 28648 | D:15     | Noticed Kirke
 28660 | D:15     | Killed Kirke
 28660 | D:15     | Received a gift from Trog
 28910 | D:15     | Noticed Azrael
 29092 | D:15     | Killed Azrael
 29476 | D:15     | Found a staircase to the Depths.
 29837 | Spider:1 | Entered Level 1 of the Spider Nest
 30310 | Spider:1 | Reached XP level 17. HP: 110/110 MP: 17/17
 30344 | Spider:1 | Noticed Aizul
 30439 | Spider:1 | Killed Aizul
 30439 | Spider:1 | Reached skill level 16 in Dodging
 30557 | Spider:1 | Identified Roxanne's Grimoire of Clay
 30557 | Spider:1 | Noticed Roxanne
 30591 | Spider:1 | Killed Roxanne
 31160 | Spider:2 | Received a gift from Trog
 31791 | Spider:2 | Received a gift from Trog
 32181 | Spider:3 | Reached skill level 17 in Dodging
 32281 | Spider:3 | Noticed Asterion
 32322 | Spider:3 | Killed Asterion
 32490 | Spider:3 | Reached skill level 5 in Shields
 32691 | Spider:4 | Entered Level 4 of the Spider Nest
 32715 | Spider:4 | Received a gift from Trog
 32746 | Spider:4 | Found a transporter.
 32761 | Spider:4 | Noticed Meiz Wish's ghost (journeyman MiBe)
 32832 | Spider:4 | Found a transporter.
 33871 | Spider:4 | Got a gossamer rune of Zot
 34266 | Shoals:1 | Entered Level 1 of the Shoals
 34268 | Shoals:1 | Noticed Donald
 34278 | Shoals:1 | Killed Donald
 34318 | Shoals:1 | Reached XP level 18. HP: 145/148 MP: 18/18
 34506 | Shoals:1 | Noticed Cotuik's ghost (adept FoFi)
 34510 | Shoals:1 | Found a transporter.
 34513 | Shoals:1 | Found a transporter.
 34925 | Shoals:1 | Got a slimy amethyst amulet
 34926 | Shoals:1 | Identified the amulet "Todon" {Spirit rPois rN+ Str-2} (You
                  | found it on level 1 of the Shoals)
 35157 | Shoals:1 | Received a gift from Trog
 35477 | Shoals:2 | Reached skill level 10 in Shields
 36608 | Shoals:3 | Noticed Liimbo's ghost (adept FoWn)
 36612 | Shoals:3 | Found a runed translucent gate.
 36612 | Shoals:3 | Found a runed translucent gate.
 36612 | Shoals:3 | Found a runed translucent gate.
 37099 | Shoals:4 | Entered Level 4 of the Shoals
 37608 | Shoals:4 | Received a gift from Trog
 38823 | Shoals:4 | Got an ichor-stained short sword
 38877 | Shoals:4 | Identified the +9 short sword of Jyryn {flame, MR++} (You
                  | found it on level 4 of the Shoals)
 39077 | Shoals:4 | Got a barnacled rune of Zot
 39552 | Shoals:4 | Found a runed translucent door.
 39554 | Shoals:4 | Noticed dragonscale333's ghost (adept DrFE)
 39948 | Elf:1    | Entered Level 1 of the Elven Halls
 40041 | Elf:1    | Received a gift from Trog
 40585 | Elf:1    | Reached XP level 19. HP: 133/154 MP: 16/19
 40701 | Elf:1    | Gained mutation: Your body sometimes deteriorates upon
                  | taking damage. [a neqoxec]
 40702 | Elf:1    | Gained mutation: You are dopey. (Int -2) [a neqoxec]
 40713 | Elf:1    | Lost mutation: You are dopey. (Int -2) [potion of mutation]
 40713 | Elf:1    | Lost mutation: Your body sometimes deteriorates upon taking
                  | damage. [potion of mutation]
 40713 | Elf:1    | Gained mutation: Your flesh is heat resistant. (rF+)
                  | [potion of mutation]
 40802 | Elf:1    | Found Vap Lauk's Assorted Antiques.
 40816 | Elf:1    | Bought a scroll of teleportation for 108 gold pieces
 40977 | Elf:1    | Received a gift from Trog
 41051 | Elf:1    | Reached skill level 15 in Shields
 41131 | Elf:1    | Reached skill level 15 in Fighting
 41189 | Elf:1    | Cast into level 3 of the Abyss (a deep elf demonologist)
 41304 | Abyss:3  | Got an abyssal rune of Zot
 41394 | Elf:1    | Escaped the Abyss
 41875 | Elf:2    | Found a huge runed translucent gate.
 41875 | Elf:2    | Found a huge runed translucent gate.
 41876 | Elf:2    | Found a huge runed translucent gate.
 41877 | Elf:2    | Found a huge runed translucent gate.
 41882 | Elf:2    | Found a huge runed translucent gate.
 42227 | Elf:2    | Received a gift from Trog
 42577 | Elf:2    | Reached skill level 18 in Dodging
 43306 | Elf:3    | Entered Level 3 of the Elven Halls
 43594 | Elf:3    | Found Kyrem's Armour Emporium.
 43676 | Elf:3    | Found Bibeng's Distillery.
 43689 | Elf:3    | Bought a potion of heal wounds for 105 gold pieces
 43689 | Elf:3    | Bought a potion of curing for 63 gold pieces
 43689 | Elf:3    | Bought a potion of curing for 63 gold pieces
 44085 | Elf:3    | Received a gift from Trog
 44156 | Elf:3    | Identified the amulet "Wyckoelu" {Gourm +Blink +Inv rPois
                  | Str-3}
 44162 | Elf:3    | Reached XP level 20. HP: 133/165 MP: 17/20
 44195 | Elf:3    | Identified the cursed +1 hand axe of Truth {freeze, rN+}
 44490 | Elf:3    | Reached skill level 19 in Dodging
 44955 | Elf:3    | Found Bibeng's Distillery.
 45080 | Elf:3    | Found Kyrem's Armour Emporium.
 45369 | Elf:3    | Identified the cursed ring of Vienior {rPois rN+ Int-5
                  | Dex+4 SInv}
 45634 | Elf:3    | Got ancient fire dragon scales
 45638 | Elf:3    | Identified the amulet "Labuc" {Reflect rF- Str-5 Int+8
                  | SH+3} (You found it on level 3 of the Elven Halls)
 45643 | Elf:3    | Identified the cursed +0 fire dragon scales "Xelogom"
                  | {+Blink rF++ rC- rCorr} (You found it on level 3 of the
                  | Elven Halls)
 46523 | Spider:4 | Killed Meiz Wish's ghost
 46550 | Spider:4 | Got a distressingly furry chain mail
 46551 | Spider:4 | Identified the +7 chain mail of the Lobster {rElec Str+6}
                  | (You found it on level 4 of the Spider Nest)
 47167 | Depths:1 | Entered Level 1 of the Depths
 47635 | Depths:1 | Got a shimmering robe
 47636 | Depths:1 | Identified the cursed +0 robe "Gasoddu" {rPois Regen+ SInv}
                  | (You found it on level 1 of the Depths)
 47795 | Depths:1 | Found a one-way gate leading to the halls of Pandemonium.
 48094 | Depths:1 | Got a fine chain mail
 48095 | Depths:1 | Identified the +4 chain mail "Xuevixef" {Stlth+} (You found
                  | it on level 1 of the Depths)
 48294 | Depths:1 | Found a gateway to Hell.
 48737 | Depths:1 | Reached skill level 10 in Armour
 49176 | Depths:2 | Found a one-way gate to the infinite horrors of the Abyss.
 49391 | Depths:2 | Found Zinloiplix's Book Shoppe.
 49448 | Depths:2 | Reached XP level 21. HP: 176/176 MP: 21/21
 49456 | Depths:2 | Received a gift from Trog
 50091 | Depths:2 | Found Yteimib's Antique Weapon Shoppe.
 50117 | Depths:2 | Found Azyrim's Jewellery Boutique.
 50123 | Depths:2 | Bought the ring of Ascent {*Contam rC+ Str+4 Dex+5} for 770
                  | gold pieces
 50184 | Depths:2 | Paralysed by a floating eye for 4 turns
 50724 | Depths:2 | Found Ociev's Book Shop.
 50725 | Depths:2 | Got a warped long sword
 50726 | Depths:2 | Identified the +6 long sword "Pupemest" {flame, rElec Str-5
                  | Dex+3} (You found it on level 2 of the Depths)
 50863 | Depths:2 | Got a steaming battleaxe
 51898 | Depths:3 | Found a gateway to a ziggurat.
 52059 | Depths:3 | Gained mutation: You are clumsy. (Dex -2) [a neqoxec]
 52351 | Depths:3 | You fall into a shaft and drop 2 floors!
 52351 | Depths:5 | Entered Level 5 of the Depths
 52359 | Depths:5 | Received a gift from Trog
 52360 | Depths:5 | Got a pitted spear {god gift}
 52577 | Depths:5 | Paralysed by a vampire knight for 3 turns
 52862 | Depths:4 | Reached skill level 20 in Dodging
 53221 | Depths:4 | Identified a scroll of acquirement
 53274 | Depths:4 | Noticed a golden dragon
 53302 | Depths:4 | Killed a golden dragon
 53586 | Depths:4 | Noticed Louise
 53598 | Depths:4 | Killed Louise
 54504 | Depths:4 | Noticed a golden dragon
 54521 | Depths:4 | Killed a golden dragon
 54521 | Depths:4 | Reached XP level 22. HP: 153/188 MP: 22/22
 55058 | Depths:3 | Received a gift from Trog
 55235 | Depths:3 | Noticed a juggernaut
 55250 | Depths:3 | Killed a juggernaut
 55279 | Depths:3 | Identified the Guide on Noxious Ice
 55285 | Depths:3 | Got a fine broad axe
 55777 | Depths:5 | Reached skill level 21 in Dodging
 56001 | Depths:5 | Found a gate to the Realm of Zot.
 56090 | Depths:5 | Got an ancient helmet
 56101 | Depths:5 | Identified the +2 helmet "Sity" {+Fly Int+6 Dex+4} (You
                  | acquired it on level 5 of the Depths)
 56428 | Zot:1    | Entered Level 1 of the Realm of Zot
 56633 | Zot:1    | Noticed a caustic shrike
 56633 | Zot:1    | Noticed a caustic shrike
 56634 | Zot:1    | Noticed Ezaw's ghost (veteran CeHu)
 56635 | Zot:1    | Noticed a golden dragon
 56635 | Zot:1    | Noticed a caustic shrike
 56980 | Zot:1    | Found a transporter.
 56984 | Zot:1    | Found the +7 great mace "Undeadhunter" {disrupt, rN+}
 56985 | Zot:1    | Noticed a shard shrike
 56986 | Zot:1    | Noticed a shard shrike
 57606 | Zot:1    | Noticed a golden dragon
 57626 | Zot:1    | Killed a golden dragon
 57852 | Zot:1    | Reached skill level 22 in Dodging
 58340 | Zot:1    | Found a transporter.
 58885 | Zot:2    | Found the +15 Maxwell's patent armour {-Cast -Tele rElec
                  | MR+ rCorr}
 59014 | Zot:2    | Noticed a golden dragon
 59043 | Zot:2    | Reached XP level 23. HP: 157/198 MP: 7/23
 59099 | Zot:2    | Received a gift from Trog
 60200 | Zot:2    | Noticed an orb of fire
 60242 | Zot:2    | Killed an orb of fire
 61111 | Zot:3    | Reached skill level 23 in Dodging
 61386 | Zot:3    | Noticed a curse toe
 61395 | Zot:3    | Killed a curse toe
 61625 | Zot:3    | Noticed an orb of fire
 61626 | Zot:3    | Found a runed translucent gate.
 61626 | Zot:3    | Found a runed translucent gate.
 61626 | Zot:3    | Found an opulent altar of Gozag.
 61626 | Zot:3    | Found a runed translucent gate.
 61627 | Zot:3    | Found Beiz's Assorted Antiques.
 61627 | Zot:3    | Noticed a Killer Klown
 61627 | Zot:3    | Noticed havocjr3's ghost (legendary GnFi)
 62066 | Zot:4    | Noticed a curse toe
 62074 | Zot:4    | Killed a curse toe
 63283 | Zot:4    | Reached XP level 24. HP: 193/210 MP: 7/23
 63571 | Zot:5    | Entered Level 5 of the Realm of Zot
 64477 | Zot:5    | Reached skill level 24 in Dodging
 64493 | Zot:5    | Noticed an ancient lich
 64504 | Zot:5    | Killed an ancient lich
 64615 | Zot:5    | Received a gift from Trog
 64828 | Zot:5    | Noticed an orb of fire
 64830 | Zot:5    | Noticed a Killer Klown
 64836 | Zot:5    | Gained mutation: You tend to lose your temper in combat.
                  | [an orb of fire]
 64840 | Zot:5    | Noticed an orb of fire
 64843 | Zot:5    | Noticed an ancient lich
 64846 | Zot:5    | Killed an orb of fire
 64849 | Zot:5    | Killed an ancient lich
 64851 | Zot:5    | Noticed an ancient lich
 64858 | Zot:5    | Killed an orb of fire
 64862 | Zot:5    | Killed an ancient lich
 64874 | Zot:5    | a Killer Klown changed into a titan
 64935 | Zot:5    | Lost mutation: You tend to lose your temper in combat.
                  | [potion of mutation]
 64935 | Zot:5    | Lost mutation: Your flesh is heat resistant. (rF+) [potion
                  | of mutation]
 64935 | Zot:5    | Lost mutation: You are clumsy. (Dex -2) [potion of
                  | mutation]
 64935 | Zot:5    | Gained mutation: Your mind is acute. (Int +2) [potion of
                  | mutation]
 64935 | Zot:5    | Gained mutation: Your muscles are strong. (Str +2) [potion
                  | of mutation]
 65241 | Zot:5    | Reached skill level 25 in Dodging
 65248 | Zot:5    | Got the Orb of Zot
 65757 | D:11     | Noticed Neocvie the pandemonium lord
 65897 | D:5      | Lost mutation: Your mind is acute. (Int +2) [a cacodemon]
 65933 | D:2      | Noticed Vuinadut the pandemonium lord
 65950 | D:2      | Killed Vuinadut the pandemonium lord
 65956 | D:2      | Reached XP level 25. HP: 180/221 MP: 7/23
 66020 | D:$      | Escaped with the Orb!

Levels and vault maps discovered:
D:1:      matt_arrival_spirals, layout_basic
D:2:      minmay_chambers_of_ones, layout_basic, kiku_gazebo_garden_becter
D:3:      layout_basic
D:4:      lemuel_castle_with_subvaults [lemuel_castle_interior_carwin_2],
          layout_cave_pools, old_standard_altar, tso_altar, serial_shops, shop
D:5:      layout_cave_pools, portal_sewer_entry_f, enter_ossuary_3,
          serial_shops, shop, first_ration, corexii_hall_statues_t,
          minivault_24, grunt_dithmenos_shadows
D:6:      layout_rooms, grunt_temple_overflow_order_and_chaos_1,
          minmay_temple_entry_ruins, uniq_sigmund
D:7:      layout_basic, lemuel_round_altar, minitemple, serial_shops, shop
D:8:      layout_basic, uniq_harold, uniq_erica, uniq_joseph
D:9:      layout_basic, chequers_temple_overflow_minitemple, uniq_grum
D:10:     layout_big_octagon, lair_entry_dummy, serial_gnoll_camp,
          gnoll_camp_huts_moat, gnoll_camp_mini_shop, gnoll_camp_mini_basic,
          gnoll_camp_medium_01, uniq_psyche
D:11:     layout_stronghold, serial_shops, nicolae_shop_behind_doors,
          grunt_pizzeria, minmay_hollow_rounded_squares, uniq_maurice
D:12:     layout_basic, erik_orc_4, minivault_16, tgw_lugonu_bribe,
          uniq_erolcha, uniq_sonja, uniq_snorg
D:13:     layout_roguey
D:14:     layout_cave_pools, grunt_vaults_entry_fortified, enter_bailey_3,
          uniq_frances
D:15:     grunt_enter_depths_snipers, layout_rooms, corexii_leaking_fountain,
          uniq_azrael, uniq_kirke, uniq_nessos
Temple:   nicolae_temple_figure_zero
Lair:1:   layout_regular_city, disabler_island, lemuel_fruit_tree
Lair:2:   layout_regular_city, serial_bayou_shore_b, uniq_urug
Lair:3:   layout_regular_city, zaba_antful_of_joy, lemuel_fruit_fields,
          uniq_gastronok
Lair:4:   layout_regular_city, minmay_shoals_entry_centaurs,
          nicolae_spider_entry_non_spiders, chequers_serial_rivers_micro_b
Lair:5:   layout_regular_city, gammafunk_ghost_cemetery,
          minmay_lair_oklob_chamber, grunt_megastairs_4
Lair:6:   cheibrodos_lair_end_hotspot, layout_regular_city,
          minmay_slime_entry_jelly_boxes, infiniplex_staircase_pool
Shoals:1: layout_shoals, gammafunk_ghost_arena, st_cyclops, uniq_donald
Shoals:2: layout_shoals
Shoals:3: layout_shoals, gammafunk_ghost_split,
          nicolae_shoals_stone_sculpture_thing
Shoals:4: shoals_end_simple, layout_shoals, ebering_ghost_inner_flame
Spider:1: layout_spider_delve, uniq_aizul, uniq_roxanne
Spider:2: layout_spider_delve
Spider:3: layout_spider_delve, uniq_asterion
Spider:4: spider_rune_water, gammafunk_ghost_arena
Orc:1:    layout_caves
Orc:2:    st_orc_mages, layout_caves, mines1_david, uniq_josephine
Elf:1:    minmay_elf_arrival_plus, layout_rooms, serial_shops,
          nicolae_shop_stone, minmay_elf_sorcery
Elf:2:    layout_geoelf_grid
Elf:3:    minmay_elf_hall_x, layout_geoelf_octagon, serial_shops, shop_statue,
          shop
Depths:1: layout_twisted_cross, minmay_misc_feat_plants, rand_demon_pan_entry_4,
          grunt_hell_entry_dis_mu, evilmike_minifort
Depths:2: minmay_dotted_concentric_squares, layout_gridlike, serial_shops, shop,
          shop, shop, nicolae_shop_stone, hell_entry, hangedman_decor_opposing,
          hangedman_abyss_entry_splay
Depths:3: cheibrodos_hall_of_evolution, layout_basic, enter_ziggurat_c,
          hell_entry, rand_demon_pan_entry_1, minmay_staircase_bubble,
          serial_bayou_shore_b
Depths:4: gold_lair_mu, layout_basic, serial_glass, glass_columns_a,
          glass_columns_a, nicolae_abyss_entry_one_way_or_another,
          pf_coc_iceberg, minmay_staircase_windowed_large
Depths:5: evilmike_zot_entry_basic, layout_cave_pools, rand_demon_pan_entry_5,
          hell_entry, minmay_misc_feat_secret_circle
Zot:1:    layout_cathedral_of_symmetry, gammafunk_ghost_berserking_beasts
Zot:2:    layout_twisted_circle, grunt_ministairs_3
Zot:3:    layout_misc_corridors, ebering_ghost_gozag
Zot:4:    layout_onion_interference
Zot:5:    layout_twisted_circle

Skill      XL: |  1  2  3  4  5  6  7  8  9 10 11 12 13 14 15 16 17 18 19 20 21 22 23 24 |
---------------+-------------------------------------------------------------------------+-----
Stealth        | 1 2 3 4 |  4.4
Short Blades   | 4 5 6 8 9 11 13 | 13.5
Dodging        | 4 5 9 12 14 15 17 18 19 20 22 23 25 | 25.2
Armour         | 1 2 3 5 11 12 | 12.1
Fighting       | 2 3 4 5 8 11 12 13 14 16 17 19 20 21 23 | 23.0
Shields        | 3 4 9 14 15 | 15.0
Long Blades    | 5 11 12 13 14 | 14.3
Throwing       | |  1.5

Action                   |  1- 3 |  4- 6 |  7- 9 | 10-12 | 13-15 | 16-18 | 19-21 | 22-24 | 25-27 || total
-------------------------+-------+-------+-------+-------+-------+-------+-------+-------+-------++-------
Melee: Rapier            |    89 |   368 |   521 |    76 |       |       |       |       |       ||  1054
       Bite              |     9 |    28 |    68 |   119 |   236 |   357 |   433 |   515 |     1 ||  1766
       Scimitar          |       |       |       |   760 |   887 |   176 |       |       |       ||  1823
       Double sword      |       |       |       |       |   343 |  1259 |  1376 |   321 |       ||  3299
       Demon blade       |       |       |       |       |       |       |   216 |  1525 |     3 ||  1744
Throw: Throwing net      |       |       |       |     2 |       |       |     2 |       |       ||     4
Invok: Berserk           |       |     1 |    15 |    20 |    13 |    17 |    16 |     7 |       ||    89
       Trog's Hand       |       |     1 |       |     3 |    14 |    20 |    38 |    33 |       ||   109
       Brothers in Arms  |       |       |       |       |       |     5 |     8 |     2 |       ||    15
 Abil: Exsanguinate      |     1 |       |       |       |       |     1 |       |       |       ||     2
       End Transformatio |       |     1 |       |       |       |       |       |       |       ||     1
       Bat Form          |       |     1 |       |       |       |       |       |       |       ||     1
       Revivify          |       |     1 |       |       |       |     1 |       |       |       ||     2
Evoke: Wand              |       |       |       |     1 |       |       |    21 |     6 |       ||    28
       Box of beasts     |       |       |       |       |       |       |     1 |       |       ||     1
  Use: Scroll            |     1 |     8 |     7 |    17 |    17 |     7 |    23 |    11 |       ||    91
       Potion            |       |       |       |     1 |     6 |     4 |    10 |    20 |     1 ||    42
 Stab: Sleeping          |     5 |    26 |     8 |    14 |    14 |    19 |     7 |       |       ||    93
       Distracted        |       |       |     1 |     1 |     3 |     8 |     2 |     3 |       ||    18
       Paralysed         |       |       |       |     2 |       |       |       |       |       ||     2
       Held in net/web   |       |       |       |       |       |     1 |       |       |       ||     1
       Confused          |       |       |       |       |       |       |     1 |       |       ||     1
       Invisible         |       |       |       |       |       |       |       |     7 |       ||     7
Armor: Leather armour    |    18 |     4 |   117 |   173 |   106 |       |       |       |       ||   418
       Ring mail         |       |   110 |       |       |    98 |   232 |   101 |       |       ||   541
       Scale mail        |       |    21 |    13 |       |       |       |       |       |       ||    34
       Plate armour      |       |       |       |       |       |       |   175 |   419 |       ||   594
Dodge: Dodged            |    61 |   198 |   281 |   661 |  1213 |  1447 |  1053 |   960 |     1 ||  5875
Block: Buckler           |       |       |    15 |   225 |   450 |   225 |       |       |       ||   915
       Shield            |       |       |       |       |     6 |   629 |  1303 |  1419 |     1 ||  3358
       Reflection        |       |       |       |       |       |    59 |    87 |    10 |       ||   156
       Rpst.: Scimitar   |       |       |       |   161 |   194 |    23 |       |       |       ||   378
       Double sword      |       |       |       |       |    83 |   276 |   162 |    19 |       ||   540
       Demon blade       |       |       |       |       |       |       |    27 |   140 |       ||   167
